 Dungeon Crawl Stone Soup version 0.17-a0-1976-g482a304 (webtiles) character file.

491 Rationalist the Skirmisher (level 6, -15/49 HPs)
             Began as a Demonspawn Berserker on Oct 5, 2015.
             Was a Priest of Trog.
             Demolished by an ogre
             ... wielding a +0 giant club
              (20 damage)
             ... on level 4 of the Dungeon.
             The game lasted 00:08:02 (5260 turns).

Rationalist the Skirmisher (Demonspawn Berserker)   Turns: 5260, Time: 00:08:03

Health: -15/49     AC:  5    Str: 17      XL:     6   Next: 91%
Magic:  6/6        EV: 13    Int:  9      God:    Trog [***...]
Gold:   141        SH:  0    Dex: 11 (14) Spells: 0 memorised, 5 levels left

rFire  . . .     SeeInvis .     s - +0 hand axe (chop)
rCold  . . .     Clarity  .     b - +0 animal skin
rNeg   . . .     SustAt   .     (no shield)
rPois  .         Gourm    .     (no helmet)
rElec  .         Spirit   .     (no cloak)
rCorr  .         Warding  .     (no gloves)
rMut   .         Stasis   .     (no boots)
MR     +++..                    (no amulet)
Stlth  ++........               (no ring)
                                l - ring of protection from magic

@: exhausted, regenerating, slowed, very slow, extremely resistant to hostile
enchantments, unstealthy
A: claws 2, yellow scales 2
a: Burn Spellbooks, Berserk, Trog's Hand, Renounce Religion


You were on level 4 of the Dungeon.
You worshipped Trog.
Trog was most pleased with you.
You were hungry.

You visited 1 branch of the dungeon, and saw 4 of its levels.

You collected 141 gold pieces.

Inventory:

Hand Weapons
 s - a +0 hand axe of chopping (weapon)
Missiles
 a - 29 sling bullets
 e - 32 bolts
 f - 7 bolts of penetration
 u - 2 tomahawks (quivered)
Armour
 b - a +0 animal skin (worn)
Jewellery
 l - a ring of protection from magic (left claw)
Scrolls
 d - 3 scrolls of fog {unknown}
 h - a scroll of recharging {unknown}
 i - 3 scrolls of noise {unknown}
 j - a scroll of magic mapping {unknown}
 k - 3 scrolls of random uselessness {unknown}
 n - a scroll of enchant weapon {unknown}
 o - a scroll of identify {unknown}
 p - a scroll of remove curse {unknown}
 r - a scroll of fear {unknown}
Potions
 q - a potion of curing
Comestibles
 c - 2 bread rations
 g - 2 slices of pizza
 m - a beef jerky
 t - a chunk of flesh


   Skills:
 + Level 4.6 Fighting
 + Level 3.9 Axes
 + Level 1.9 Armour
 + Level 4.6 Dodging
 + Level 2.2 Stealth


You had 5 spell levels left.
You didn't know any spells.

Dungeon Overview and Level Annotations

Branches:
Dungeon (4/15)
 Temple: D:4-7

Altars:
Cheibriados
Dithmenos
Elyvilon
Nemelex Xobeh
Okawaru
Ru


Innate Abilities, Weirdness & Mutations

You have very sharp fingernails.
You are mostly covered in yellow scales (AC +3).


Message History

You continue eating.
The orc completely misses you. The ogre hits you with a giant club!
* * * LOW HITPOINT WARNING * * *
The orc barely misses you. The orc closely misses you.
The orc completely misses you. The ogre closely misses you.
Drink which item? (? for menu, Esc to quit)
You feel better. The orc closely misses you. The orc closely misses you.
The orc hits you but does no damage. The ogre hits you with a giant club!
* * * LOW HITPOINT WARNING * * *
The orc hits you with a club.
* * * LOW HITPOINT WARNING * * *
Use which ability?
You're too exhausted to go berserk.
Use which ability?
Your skin crawls.
You feel resistant to hostile enchantments.
You feel slightly more hungry. The orc barely misses you.
The orc closely misses you. The orc hits you but does no damage.
The ogre hits you with a giant club!!
You die...

..........#
..........#
.......<..#
..........#
##......#+#####
...####..)....#
..............#
..####..†.....#
........@o.$.+
.....[.ooO...#
......#......#
......#$.....#
......#......#
......#####....
..... .....
.... .....


You could see an ogre and 3 orcs.

Vanquished Creatures
  An ogre (D:4)
  The ghost of Undrscore the Poker, a weakling MfGl (D:3)
  A quasit (D:3)
  A worker ant (D:4)
  Natasha (thrice) (D:3)
  3 orc wizards
  Robin (D:3)
  4 gnolls (D:2)
  3 adders
  2 oozes
  A worm (D:2)
  3 giant geckos
  14 orcs
  10 hobgoblins
  9 jackals
  2 quokkas
  8 bats
  3 giant cockroaches
  6 giant newts
  13 goblins
  6 kobolds
  10 rats
105 creatures vanquished.

Notes
Turn   | Place    | Note
--------------------------------------------------------------
     0 | D:1      | Rationalist the Demonspawn Berserker began the quest for the Orb.
     0 | D:1      | Reached XP level 1. HP: 18/18 MP: 1/1
    52 | D:1      | Gained mutation: You have sharp fingernails. [demonic ancestry]
    52 | D:1      | Reached XP level 2. HP: 13/24 MP: 2/2
  1121 | D:1      | Acquired Trog's second power
  1413 | D:2      | Gained mutation: You are partially covered in yellow scales (AC +2). [demonic ancestry]
  1413 | D:2      | Reached XP level 3. HP: 19/29 MP: 3/3
  1686 | D:2      | Gained mutation: You are mostly covered in yellow scales (AC +3). [demonic ancestry]
  1686 | D:2      | Reached XP level 4. HP: 6/36 MP: 4/4
  2185 | D:2      | Reached skill level 1 in Stealth
  2976 | D:3      | Noticed Undrscore's ghost (weakling MfGl)
  3121 | D:3      | Killed Undrscore's ghost
  3121 | D:3      | Reached skill level 4 in Fighting
  3121 | D:3      | Reached XP level 5. HP: 24/42 MP: 5/5
  3162 | D:3      | Found a snail-covered altar of Cheibriados.
  3326 | D:3      | Noticed Robin
  3350 | D:3      | Killed Robin
  3830 | D:3      | Noticed Natasha
  3841 | D:3      | Killed Natasha
  3841 | D:3      | Gained mutation: You have very sharp fingernails. [demonic ancestry]
  3841 | D:3      | Reached XP level 6. HP: 37/48 MP: 6/6
  3963 | D:3      | Noticed Natasha
  3974 | D:3      | Killed Natasha
  4168 | D:3      | Found a faded altar to an unknown god.
  4329 | D:3      | Found a shadowy altar of Dithmenos.
  4512 | D:3      | Noticed Natasha
  4531 | D:3      | Killed Natasha
  4762 | D:3      | Found a sacrificial altar of Ru.
  4816 | D:3      | Found an iron altar of Okawaru.
  4821 | D:3      | Found a white marble altar of Elyvilon.
  4826 | D:3      | Found a sparkling altar of Nemelex Xobeh.
  5260 | D:4      | Demolished by an ogre

Vault maps used:
D:1:      minmay_arrival_four_loops, minivault_25
D:2:      minmay_misc_feat_ornament
D:3:      grunt_dithmenos_smoke_and_mirrors, lemuel_doored_altar,
          grunt_temple_overflow_diamond, ecumenical_altar_2, st_stairs_4,
          nicolae_ru_the_path_less_chosen, uniq_robin, uniq_natasha
D:4:      temple_statues, uniq_crazy_yiuf_cottage

Action                   |  1- 3 |  4- 6 || total
-------------------------+-------+-------++-------
Melee: Hand axe          |   103 |   241 ||   344
Invok: Berserk           |     2 |     5 ||     7
       Trog's Hand       |       |     6 ||     6
  Use: Potion            |     3 |     3 ||     6
 Stab: Sleeping          |       |     5 ||     5
  Eat: Chunk             |     3 |    18 ||    21
